 Dungeon Crawl Stone Soup version 0.17.0-15-g6d90897 (webtiles) character file.

41 bart the Cudgeler (level 3, -1/18 HPs)
             Began as a Vine Stalker Gladiator on Nov 10, 2015.
             Killed from afar by an orc wizard (7 damage)
             ... with a puff of flame
             ... on level 4 of the Dungeon.
             The game lasted 00:01:20 (302 turns).

bart the Cudgeler (Vine Stalker Gladiator)           Turns: 302, Time: 00:01:20

Health: -1/18      AC:  7    Str: 18    XL:     3   Next: 52%
Magic:  0/4        EV: 10    Int:  8    God:
Gold:   55         SH:  0    Dex: 14    Spells: 0 memorised, 2 levels left

rFire  . . .     SeeInvis .     a - +0 flail
rCold  . . .     Clarity  .     m - +0 scale mail
rNeg   . . .     SustAt   .     (no shield)
rPois  .         Gourm    .     c - +0 helmet
rElec  .         Spirit   +     (no cloak)
rCorr  .         Warding  .     (no gloves)
rMut   .         Stasis   .     (no boots)
MR     .....                    (no amulet)
Stlth  ..........               (no ring)
                                (no ring)

@: not resistant to hostile enchantments, extremely unstealthy
A: fangs 2, regeneration 1, magic shield, antimagic bite, no device heal 3, rot
immunity
a: no special abilities


You were on level 4 of the Dungeon.
You were not hungry.

You visited 1 branch of the dungeon, and saw 4 of its levels.

You collected 55 gold pieces.

Inventory:

Hand Weapons
 a - a +0 flail (weapon)
Missiles
 d - 2 throwing nets {=f}
 k - 21 stones (quivered)
Armour
 c - a +0 helmet (worn)
 g - a +1 hat
 m - a +0 scale mail (worn)
Scrolls
 b - a scroll of teleportation {unknown}
 h - 2 scrolls of enchant armour {unknown}
 n - a scroll of recharging {unknown}
Potions
 f - a potion of lignification {unknown}
 l - a potion of curing {unknown}
Comestibles
 e - 2 bread rations
 i - a meat ration
 j - 2 chunks of flesh


   Skills:
 + Level 2.1 Fighting
 + Level 3.0 Maces & Flails
 + Level 2.3 Throwing
 + Level 2.8 Dodging


You had 2 spell levels left.
You didn't know any spells.

Dungeon Overview and Level Annotations

Branches:
Dungeon (4/15)
 Temple: D:4-7

Altars:


Innate Abilities, Weirdness & Mutations

You have extremely sharp teeth.
Your natural rate of healing is unusually fast.
When hurt, damage is shared between your health and your magic reserves.
Your bite disrupts and absorbs the magic of your enemies.
Potions and wands cannot restore your health.
You are immune to rotting.


Message History

The giant cockroach bites you but does no damage.
The giant cockroach bites you but does no damage.
You sock the giant cockroach!
You kill the giant cockroach!
No target in view!
No target in view!
An orc and an orc priest come into view.
The orc priest shouts!
The orc shouts!
There are monsters nearby!
You barely miss the orc. You bite the orc. You drain its power.
The orc is moderately wounded.
The orc hits you but does no damage. The orc hits you.
You hit the orc. Your bite misses the orc.
The orc is heavily wounded.
The orc hits you but does no damage.
You hit the orc.
You kill the orc!
Fire/throw which item? (* to show all) (? for menu, Esc to quit)
Press: ? - help, Shift-Dir - straight line, f - orc priest
Aim: an orc priest, wielding a flail and wearing a leather armour You throw a throwing net {=f}.
The throwing net {=f} hits the orc priest.
The orc priest is caught in the net!
The orc priest struggles to escape the net.
You hit the orc priest.
The orc priest is moderately wounded.
The orc priest struggles to escape the net.
The orc priest mumbles some strange prayers to Beogh against you.
Pain shoots through your body!
The orc priest struggles against the net.
An orc wizard comes into view. It is wielding a dagger.
You barely miss the orc priest.
The orc priest is moderately wounded.
An adder skeleton comes into view.
The helpless orc priest fails to defend itself.
You sock the orc priest!
The orc priest is almost dead.
The adder skeleton moves out of view.
The orc priest struggles against the net.
You hit the orc priest.
You kill the orc priest!
Your Fighting skill increases to level 2!
Your Maces & Flails skill increases to level 3!
You have reached level 3!
Your experience leads to an increase in your attributes!
Increase (S)trength, (I)ntelligence, or (D)exterity?
You feel stronger. The orc wizard barely misses you.
You barely miss the orc wizard.
You bite the orc wizard, but do no damage.
The orc wizard hits you with a dagger.
* * * LOW HITPOINT WARNING * * *
The orc wizard hits you but does no damage.
You hit the orc wizard.
You bite the orc wizard, but do no damage.
The orc wizard is lightly wounded.
The orc wizard hits you but does no damage.
You hit the orc wizard but do no damage.
Your bite misses the orc wizard.
The orc wizard is lightly wounded.
The orc wizard casts a spell at you. The puff of flame hits you!
* * * LOW HITPOINT WARNING * * *
You closely miss the orc wizard.
The orc wizard is lightly wounded.
The orc wizard hits you but does no damage.
You hit the orc wizard.
The orc wizard is heavily wounded.
The orc wizard closely misses you.
The orc wizard hits you but does no damage.
You barely miss the orc wizard.
The orc wizard is heavily wounded.
The orc wizard hits you but does no damage.
You closely miss the orc wizard. Your bite misses the orc wizard.
The orc wizard is heavily wounded.
The orc wizard hits you but does no damage.
You barely miss the orc wizard.
The orc wizard is heavily wounded.
The orc wizard gestures wildly while chanting.
The orc wizard seems to speed up.
You completely miss the orc wizard. Your bite misses the orc wizard.
The orc wizard is heavily wounded.
The orc wizard misses you. The orc wizard hits you with a dagger.
* * * LOW HITPOINT WARNING * * *
You closely miss the orc wizard. You bite the orc wizard.
The orc wizard's magic leaks into the air.
You drain its magic.
You feel invigorated.
The orc wizard is heavily wounded.
The orc wizard hits you but does no damage.
The orc wizard closely misses you.
You miss the orc wizard.
The orc wizard is heavily wounded.
You hear the slow rusting of a distant drain.
The orc wizard hits you but does no damage. x2
You barely miss the orc wizard. Your bite misses the orc wizard.
The orc wizard is heavily wounded.
The orc wizard closely misses you.
The orc wizard points at you and mumbles some strange words.
The puff of flame hits you!
You die...

### ..# #.# ... #.# .
#Z# ... #o# .....#@###
#....(.)..#
....>.#.#.#
#######.#.# #.. ..#.#
#.#######.# #.#.. #.#
#.#.###.#.############
#.#.#.#.#............#


You could see an orc wizard and an adder skeleton.

Vanquished Creatures
  An orc priest (D:4)
  An orc (D:4)
  A giant cockroach (D:4)
  3 hobgoblins
  2 goblins (D:1)
  2 kobolds
  3 rats
13 creatures vanquished.

Notes
Turn   | Place    | Note
--------------------------------------------------------------
     0 | D:1      | bart the Vine Stalker Gladiator began the quest for the Orb.
     0 | D:1      | Reached XP level 1. HP: 11/11 MP: 2/2
    32 | D:1      | Reached skill level 2 in Throwing
    79 | D:1      | Reached XP level 2. HP: 10/15 MP: 1/3
    94 | D:2      | Found a faded altar to an unknown god.
   289 | D:4      | Reached skill level 2 in Fighting
   289 | D:4      | Reached skill level 3 in Maces & Flails
   289 | D:4      | Reached XP level 3. HP: 12/18 MP: 2/4
   302 | D:4      | Killed from afar by an orc wizard

Action                   || total
-------------------------++-------
Melee: Flail             ||    59
Throw: Throwing net      ||     1
 Stab: Held in net/web   ||     1

Vault maps used:
D:1:      dpeg_arrival_shelter
D:2:      lemuel_doored_altar, overflow_temple_1_default, ecumenical_altar_1,
          lightli_corner_chamber
D:3:      cheibriados_altar_wand_db, first_bread, serial_bayou_pond_d,
          minmay_divided_ellipse
D:4:      lemuel_crystal_altar, nicolae_ashenzari_panopticon,
          gammafunk_temple_overflow_pools, gup_sewer_entry_spiral,
          kennysheep_small_spiral

Table legend:
 A = Turns spent in this place as a percentage of turns spent in the entire game.
 B = Non-inter-level travel turns spent in this place as a percentage of non-inter-level travel turns spent in the entire game.
 C = Inter-level travel turns spent in this place as a percentage of turns spent in this place.
 D = Turns resting spent in this place as a percentage of non-inter-level travel turns spent in this place.
 E = Turns spent auto-exploring this place as a percentage of non-inter-level travel turns spent in this place.
 F = Non-inter-level travel turns spent in this place divided by the number of levels of this place that you've seen.
                   A       B       C       D       E      F
               +-------+-------+-------+-------+-------+----------------------
         Total | 100.0 | 100.0 |   0.0 |   0.0 |   0.0 |  58.5
       Dungeon | 100.0 | 100.0 |   0.0 |   0.0 |   0.0 |  58.5
               +-------+-------+-------+-------+-------+----------------------

Table legend:
 A = Kills in this place as a percentage of kills in entire the game.
 B = Kills by you in this place as a percentage of kills by you in the entire game.
 C = Kills by friends in this place as a percentage of kills by friends in the entire game.
 D = Other kills in this place as a percentage of other kills in the entire game.
 E = Experience gained in this place as a percentage of experience gained in the entire game.
 F = Experience gained in this place divided by the number of levels of this place that you have seen.
                   A       B       C       D       E      F
               +-------+-------+-------+-------+-------+----------------------
         Total | 100.0 | 100.0 |  -nan |  -nan | 100.0 |  14.8
       Dungeon | 100.0 | 100.0 |  -nan |  -nan | 100.0 |  14.8
               +-------+-------+-------+-------+-------+----------------------
